 Dungeon Crawl Stone Soup version 0.30-a0-920-g7493c07aab (webtiles) character file.

Game seed: 12867130527516077778

3573 HoaS the Skirmisher (level 10, -17/67 HPs)
             Began as a Formicid Hunter on Mar 21, 2023.
             Was an Elder of Zin.
             Demolished by a two-headed ogre
             ... wielding a +0 giant spiked club
              (19 damage)
             ... on level 8 of the Dungeon.
             The game lasted 00:18:18 (7079 turns).

HoaS the Skirmisher (Formicid Hunter)               Turns: 7079, Time: 00:18:18

Health: -17/67     AC:  4    Str: 17    XL:     10   Next: 31%
Magic:  13/13      EV: 12    Int:  8    God:    Zin [****..]
Gold:   922        SH:  0    Dex: 21    Spells: 9/9 levels left

rFire   . . .      SeeInvis +    g - +0 arbalest
rCold   . . .      Faith    .    (no shield)
rNeg    . . .      Spirit   .    n - +2 robe {Archmagi}
rPois   .          Reflect  .    (helmet unavailable)
rElec   .          Rampage  .    (no cloak)
rCorr   .          Archmagi +    (no gloves)
Will    +....                    (no boots)
Stlth   ++                       (no amulet)
HPRegen 0.31/turn                (no ring)
MPRegen 0.13/turn                (no ring)

@: no status effects
A: permanent stasis, dig shafts and tunnels, antennae 3, four strong arms
a: Dig, Shaft Self, Renounce Religion, Recite, Vitalisation, Imprison, Donate
Gold


You were on level 8 of the Dungeon.
You worshipped Zin.
Zin was greatly pleased with you.
You visited 1 branch of the dungeon, and saw 8 of its levels.

You collected 1024 gold pieces.
You donated 102 gold pieces to Zin.

Inventory:

Hand Weapons
 g - a +0 arbalest (weapon)
Missiles
 a - 2 throwing nets
Armour
 n - a +2 robe of the Archmagi (worn)
Jewellery
 m - a ring of positive energy
Wands
 h - a wand of flame (62)
 k - a wand of acid (8)
Scrolls
 b - 2 scrolls of immolation
 e - a scroll of torment {unknown}
 l - 3 scrolls of enchant armour {unknown}
Potions
 c - 2 potions of ambrosia
 d - a potion of resistance
 f - 4 potions of curing
 i - a potion of flight
 j - 2 potions of mutation
 q - a potion of cancellation


   Skills:
 - Level 2.1 Fighting
 * Level 13.9 Ranged Weapons
 - Level 1.7 Dodging
 - Level 1.2 Stealth
 - Level 5.0 Invocations


You had 9 spell levels left.
You didn't know any spells.
Your spell library contained the following spells:

 Spells                   Type           Power      Damage    Failure   Level
 Cigotuvi's Dreadful Rot  Necr/Pois/Air  0%         N/A       54%         2
 Poisonous Vapours        Pois/Air       0%         N/A       54%         2
 Mephitic Cloud           Conj/Pois/Air  0%         N/A       78%         3
 Manifold Assault         Tloc           0%         N/A       99%         4
 Dispersal                Tloc           0%         N/A       100%        6
 Disjunction              Tloc           0%         N/A       100%        8


Dungeon Overview and Level Annotations

Branches:
Dungeon (8/15)             Temple (0/1) D:7
   Lair: D:8-11

Altars:
Cheibriados
Gozag
Makhleb
Xom
Zin
The Shining One

Shops:
D:6 (

Annotations:
D:5 2 transporters, snipermoke's ghost, novice DgFi
D:6 3 runed translucent doors, tilp's ghost, novice MeFi


Innate Abilities, Weirdness & Mutations

You cannot be hasted, slowed, berserked, paralysed or teleported.
You can dig through walls and to a lower floor.
You have a pair of large antennae on your head. (SInv)
Your four strong arms can wield two-handed weapons with a shield.


Message History

No target in view!
An orc comes into view.
It is wielding a +0 club and carrying a wand of paralysis (11).
Items here: ) = [ †.
You shoot a bolt. The bolt hits the orc!
You kill the orc!
No target in view!
m - a ring of positive energy
Things that are here:
a +0 hand axe; a +0 chain mail; an orc corpse You sense a monster nearby.
A two-headed ogre comes into view.
It is wielding a +0 giant spiked club and a +0 giant club.
You shoot a bolt. The two-headed ogre shouts in stereo!
The bolt hits the two-headed ogre!
The two-headed ogre is moderately wounded.
You hear a shout! x2
Things that are here:
a +0 hand axe; a +0 chain mail; an orc corpse You shoot a bolt.
The bolt barely misses the two-headed ogre.
An orc priest comes into view. It is wielding a +0 hand axe.
The two-headed ogre misses you.
The two-headed ogre hits you with a +0 giant club!!
You shoot a bolt. The bolt hits the two-headed ogre.
The two-headed ogre is moderately wounded.
The orc priest looks satisfied for a moment.
You shoot a bolt.
The bolt hits the two-headed ogre but does no damage.
The two-headed ogre is moderately wounded.
The two-headed ogre hits you with a +0 giant spiked club!!
The two-headed ogre closely misses you.
You feel much better. The two-headed ogre closely misses you.
The two-headed ogre hits you with a +0 giant club!!
* * * LOW HITPOINT WARNING * * *
You shoot a bolt. The bolt hits the two-headed ogre!
The two-headed ogre is heavily wounded.
The two-headed ogre hits you with a +0 giant spiked club!
* * * LOW HITPOINT WARNING * * *
The two-headed ogre hits you with a +0 giant club!!
You die...

....... ##...........
....... #.#######..##
.......... #.#
##.).###
...........##.###
#..)...#
................####.#
{
.)...............##o.#
...##...##.......#).##
..## ##
####....O.##### ###
#...@........
#....##....#. #....#
#..... #...## ##...
...... ##. ......
#...... #......


You could see a two-headed ogre and an orc priest.

Vanquished Creatures
  Grinder (D:3)
  A hornet (D:7)
  Sigmund (D:5)
  Edmund (D:6)
  A water moccasin (D:6)
  3 orc warriors
  3 ice beasts (D:7)
  A sky beast (D:6)
  2 ogres (D:6)
  A phantom (D:5)
  2 centaurs
  4 kobold brigands
  3 bullfrogs
  2 scorpions
  5 wights (D:8)
  2 howler monkeys
  An electric eel (D:7)
  A jelly (D:5)
  3 hounds
  2 orc priests
  3 gnoll boudas
  Ijyb (D:3)
  5 orc wizards
  14 gnolls
  9 adders
  A shadow imp (D:8)
  2 white imps
  2 ufetubi
  21 orcs
  3 bats
  7 endoplasms
  7 giant cockroaches
  8 goblins
  12 hobgoblins
  11 jackals
  21 kobolds
  9 quokkas
  9 ball pythons
  4 frilled lizards
  4 rats
193 creatures vanquished.

Vanquished Creatures (others)
  10 plants
10 creatures vanquished.

Grand Total: 203 creatures vanquished

Notes
Turn   | Place    | Note
-------+----------+-------------------------------------------
     0 | D:1      | HoaS the Formicid Hunter began the quest for the Orb.
     0 | D:1      | Reached XP level 1. HP: 16/16 MP: 1/1
    99 | D:1      | Reached XP level 2. HP: 22/22 MP: 2/2
   222 | D:1      | Reached XP level 3. HP: 27/27 MP: 3/3
   300 | D:1      | Reached skill level 5 in Ranged Weapons
   558 | D:2      | Reached XP level 4. HP: 33/33 MP: 4/4
  1255 | D:2      | Reached XP level 5. HP: 38/38 MP: 5/5
  1263 | D:3      | Reached skill level 6 in Ranged Weapons
  1385 | D:3      | Noticed Grinder
  1530 | D:3      | Noticed Ijyb
  1543 | D:3      | Killed Ijyb
  1818 | D:3      | Noticed a kobold brigand
  1832 | D:3      | Killed a kobold brigand
  1833 | D:3      | Reached skill level 7 in Ranged Weapons
  1833 | D:3      | Reached XP level 6. HP: 11/44 MP: 6/6
  2308 | D:4      | Reached XP level 7. HP: 17/50 MP: 7/7
  2437 | D:4      | You fall into a shaft and drop 1 floor!
  2437 | D:5      | Entered Level 5 of the Dungeon
  2437 | D:5      | Found a transporter.
  2437 | D:5      | Found a transporter.
  2465 | D:4      | Reached skill level 8 in Ranged Weapons
  2680 | D:3      | Killed Grinder
  2823 | D:5      | Noticed Sigmund
  2832 | D:5      | Killed Sigmund
  2833 | D:5      | Reached skill level 9 in Ranged Weapons
  2833 | D:5      | Reached XP level 8. HP: 39/56 MP: 8/8
  2981 | D:5      | Found an opulent altar of Gozag.
  2988 | D:5      | Found a shimmering altar of Xom.
  3332 | D:5      | Reached skill level 10 in Ranged Weapons
  3409 | D:5      | Identified the ring of Uzisakk {rElec Will+ MP+9 Dex+2}
  3526 | D:5      | Found a glowing golden altar of the Shining One.
  3914 | D:5      | Noticed snipermoke's ghost (novice DgFi)
  4187 | D:6      | Found a glowing silver altar of Zin.
  4231 | D:6      | Reached skill level 11 in Ranged Weapons
  4399 | D:6      | Reached XP level 9. HP: 61/61 MP: 9/9
  4419 | D:6      | Became a worshipper of Zin the Law-Giver
  4419 | D:6      | Reached * piety under Zin
  4459 | D:6      | Reached skill level 1 in Invocations
  4557 | D:6      | Found a runed translucent gate.
  4557 | D:6      | Found a runed translucent gate.
  4557 | D:6      | Found a runed translucent gate.
  4560 | D:6      | Noticed a spectral unseen horror
  4560 | D:6      | Noticed tilp's ghost (novice MeFi)
  4667 | D:6      | Found a burning altar of Makhleb.
  4740 | D:6      | Found Kiptomnuu's Antique Weapon Shoppe.
  4817 | D:6      | Noticed Edmund
  4906 | D:6      | Killed Edmund
  5152 | D:7      | Reached skill level 12 in Ranged Weapons
  5244 | D:7      | Found a snail-covered altar of Cheibriados.
  5314 | D:7      | Found a staircase to the Ecumenical Temple.
  5360 | D:7      | Reached ** piety under Zin
  5648 | D:7      | Noticed a hornet
  5742 | D:7      | Killed a hornet
  5803 | D:7      | Identified a scroll of acquirement
  5803 | D:7      | Acquired 605 gold pieces
  5804 | D:7      | Reached *** piety under Zin
  5956 | D:7      | Reached skill level 5 in Invocations
  6338 | D:7      | Reached XP level 10. HP: 52/67 MP: 13/13
  6436 | D:8      | Reached **** piety under Zin
  6461 | D:8      | Reached skill level 13 in Ranged Weapons
  7069 | D:8      | Noticed a two-headed ogre
  7079 | D:8      | HP: 2/67 [two-headed ogre/+0 giant spiked club (11)]
  7079 | D:8      | Demolished by a two-headed ogre

Illustrated notes

Levels and vault maps discovered:
D:1:      ncdulo_smallfort, layout_rooms, minmay_tromino_i4
D:2:      layout_loops_ring
D:3:      cheibrodos_thug_alley, layout_basic, chequers_decorated_corner,
          uniq_ijyb, uniq_grinder
D:4:      layout_cave_pools, feat_on_display
D:5:      layout_loops_ring, lemuel_round_altar,
          amethyst_overflow_temple_binary, gammafunk_ghost_gnarly_gnolls,
          sigmund_army, uniq_sigmund
D:6:      layout_rooms, makhleb_blood_cavern_becter,
          mainiacjoe_overflow_chevrons, gammafunk_ghost_necromancy,
          serial_shops, shop_statue, amcnicky_mini_rare_corridor_liquid,
          uniq_edmund
D:7:      layout_layer_cave, kennysheep_little_box,
          minmay_temple_entry_gardened_gates, nicolae_kite_square_tiling_tiny,
          st_stairs_6
D:8:      layout_rooms, minmay_between

Skill      XL: |  1  2  3  4  5  6  7  8  9 10 |
---------------+-------------------------------+-----
Ranged Weapons | 5 7 9 11 12 13 | 13.9
Invocations    | 5 |  5.0
Fighting       | |  2.1
Dodging        | |  1.7
Stealth        | |  1.2

Action                     |  1- 3 |  4- 6 |  7- 9 | 10-12 || total
---------------------------+-------+-------+-------+-------++-------
   Fire: Shortbow          |    98 |    73 |       |       ||   171
         Arbalest          |       |    77 |   234 |    86 ||   397
    Use: Scroll            |     1 |     6 |     9 |     4 ||    20
         Potion            |       |     1 |     4 |     1 ||     6
 Armour: Leather armour    |    10 |    14 |     3 |       ||    27
         Robe              |       |       |    22 |     5 ||    27
  Dodge: Dodged            |    21 |    45 |   126 |    29 ||   221

Table legend: (Time is in decaauts)
 A = Elapsed time spent in this place.
 B = Non-inter-level travel time spent in this place.
 C = Inter-level travel time spent in this place.
 D = Time resting spent in this place.
 E = Time spent auto-exploring this place.
 F = Levels seen in this place.
 G = Mean time per level.
                   A        B        C        D        E       F      G
               +--------+--------+--------+--------+--------+-----+--------+
         Total |   7283 |   7066 |    217 |   1897 |   3657 |   8 |  910.4 |
       Dungeon |   7283 |   7066 |    217 |   1897 |   3657 |   8 |  910.4 |
               +--------+--------+--------+--------+--------+-----+--------+

Top non-repeatable levels by time:
     D:7: 1469 daAuts
     D:5: 1180 daAuts
     D:3: 1005 daAuts
     D:6: 940 daAuts
     D:4: 782 daAuts
     D:2: 766 daAuts
     D:1: 571 daAuts
     D:8: 567 daAuts
